 Dungeon Crawl Stone Soup version 0.30-a0-738-g116ff8c4af (webtiles) character file.

Game seed: 11428163049469714633

523 Leeroy the Slasher (level 7, -1/34 HPs)
             Began as a Vine Stalker Warper on Feb 3, 2023.
             Was a Believer of Makhleb.
             Slain by a gnoll bouda
             ... wielding a +0 whip
              (5 damage)
             ... on level 5 of the Dungeon.
             The game lasted 00:04:16 (3866 turns).

Leeroy the Slasher (Vine Stalker Warper)            Turns: 3866, Time: 00:04:17

Health: -1/34      AC:  4    Str: 14    XL:     7   Next: 22%
Magic:  0/11       EV: 11    Int: 13    God:    Makhleb [**....]
Gold:   146        SH:  0    Dex: 15    Spells: 5/10 levels left

rFire   . . .      SeeInvis .    B - +5 short sword
rCold   . . .      Faith    .    (no shield)
rNeg    . . .      Spirit   +    b - +0 leather armour
rPois   .          Reflect  .    (no helmet)
rElec   .          Harm     .    C - +0 cloak
rCorr   .          Rampage  .    (no gloves)
Will    .....                    (no boots)
Stlth   +                        l - amulet of magic regeneration
HPRegen 1.05/turn                (no ring)
MPRegen 0.52/turn                (no ring)

@: weakened
A: fangs 2, regeneration 1, magic shield, antimagic bite, no potion heal 2
a: Renounce Religion, Minor Destruction


You were on level 5 of the Dungeon.
You worshipped Makhleb.
Makhleb was pleased with you.
You visited 1 branch of the dungeon, and saw 5 of its levels.

You collected 146 gold pieces.

Inventory:

Hand Weapons
 a - a +0 falchion
 u - a +1 whip of venom
 v - a +0 rapier
 B - a +5 short sword (weapon)
 F - a +2 mace of venom
Missiles
 d - 7 boomerangs of dispersal (quivered)
 s - 3 atropa-tipped darts
 z - 6 poisoned darts
Armour
 b - a +0 leather armour (worn)
 C - a +0 cloak (worn)
Jewellery
 l - an amulet of magic regeneration (around neck)
 m - a +6 ring of dexterity
 q - an amulet of faith
Scrolls
 e - a scroll of immolation {unknown}
 g - a scroll of silence {unknown}
 j - 8 scrolls of identify {unknown}
 k - 4 scrolls of magic mapping {unknown}
 o - 3 scrolls of enchant weapon {unknown}
 p - 3 scrolls of butterflies {unknown}
 r - 3 scrolls of teleportation {unknown}
 t - 2 scrolls of fog {unknown}
 y - 2 scrolls of poison {unknown}
 D - a scroll of fear {unknown}
Potions
 f - a potion of might {unknown}
 h - 3 potions of degeneration {unknown}
 i - a potion of mutation {unknown}
 n - 3 potions of curing {unknown}
 w - a potion of heal wounds {unknown}
 x - a potion of haste {unknown}
 A - a potion of cancellation {unknown}
 E - a potion of berserk rage {unknown}
 G - a potion of attraction {unknown}


   Skills:
 - Level 1.7 Fighting
 + Level 7.0 Long Blades
 - Level 0.8 Throwing
 - Level 0.7 Armour
 - Level 1.5 Dodging
 - Level 2.1 Spellcasting
 - Level 3.0 Translocations


You had 5 spell levels left.
You knew the following spells:

 Your Spells              Type           Power      Damage    Failure   Level
a - Blink                 Tloc           18%        N/A       14%         2
b - Vhi's Electric Charg  Tloc/Air       10%        N/A       45%         3

Your spell library contained the following spells:

 Spells                   Type           Power      Damage    Failure   Level
 Lesser Beckoning         Tloc           18%        N/A       14%         2
 Momentum Strike          Conj/Tloc      10%        3d8       26%         2
 Gell's Gravitas          Tloc           9%         N/A       28%         3
 Teleport Other           Tloc           9%         N/A       28%         3
 Slow                     Hex            4%         N/A       32%         1
 Portal Projectile        Hex/Tloc       10%        N/A       45%         3
 Call Canine Familiar     Summ           1%         N/A       67%         3
 Confusing Touch          Hex            1%         N/A       67%         3
 Vampiric Draining        Necr           1%         2d6       67%         3
 Manifold Assault         Tloc           9%         N/A       67%         4
 Cause Fear               Hex            0%         N/A       97%         4
 Leda's Liquefaction      Hex/Erth       0%         N/A       97%         4
 Blade Hands              Tmut           0%         N/A       100%        5
 Irradiate                Conj/Tmut      0%         3d11      100%        5
 Dispersal                Tloc           4%         N/A       100%        6
 Dragon Form              Tmut           0%         N/A       100%        7
 Disjunction              Tloc           4%         N/A       100%        8
 Dragon's Call            Summ           0%         N/A       100%        9


Dungeon Overview and Level Annotations

Branches:
Dungeon (5/15)
 Temple: D:4-7

Altars:
Makhleb
Yredelemnul
The Shining One


Innate Abilities, Weirdness & Mutations

You have extremely sharp teeth.
Your natural rate of healing is unusually fast.
When hurt, damage is shared between your health and your magic reserves.
Your bite disrupts and absorbs the magic of your enemies.
Potions cannot restore your health.


Message History

You hit the gnoll bouda but do no damage.
The gnoll bouda is severely wounded.
The gnoll bouda gazes fiercely through you!
You feel as though you will be weak longer.
The gnoll bouda hits you with a +0 whip!
* * * LOW HITPOINT WARNING * * *
You hit the gnoll bouda.
The gnoll bouda is almost dead.
The gnoll bouda utters an invocation to its god.
The gnoll bouda is healed somewhat.
You completely miss the gnoll bouda. Your bite misses the gnoll bouda.
The gnoll bouda is heavily wounded.
You completely miss the gnoll bouda.
The gnoll bouda is heavily wounded.
The gnoll hits you from afar with a +0 halberd.
The gnoll bouda closely misses you.
You barely miss the gnoll bouda.
The gnoll bouda is heavily wounded.
The gnoll barely misses you. The gnoll bouda misses you.
You hit the gnoll bouda but do no damage.
The gnoll bouda is heavily wounded.
The gnoll hits you from afar with a +0 halberd!
* * * LOW HITPOINT WARNING * * *
The gnoll bouda gazes fiercely through you!
You feel as though you will be weak longer.
The gnoll bouda hits you with a +0 whip.
* * * LOW HITPOINT WARNING * * *
You hit the gnoll bouda. Your bite misses the gnoll bouda.
The gnoll bouda is severely wounded.
The gnoll hits you from afar with a +0 halberd.
* * * LOW HITPOINT WARNING * * *
The gnoll bouda barks out a call to the hunt!
The gnoll picks up the pace!
You hit the gnoll bouda. Your bite misses the gnoll bouda.
The gnoll bouda is severely wounded.
You hit the gnoll bouda but do no damage.
The gnoll bouda is severely wounded.
The gnoll closely misses you.
The gnoll bouda hits you with a +0 whip.
You die...

#.# #.# #.## #..#
# ##.## #..
##...### ##....
##..#...####....#
##..####...#....#
##..## ####@g.#
###.### ##..#
##..## #g# ##..##
#.# #..## ..#
..## .# .## . .#
.. ##


You could see a gnoll bouda and a gnoll (swift).

Vanquished Creatures
  A water moccasin (D:5)
  A sky beast (D:5)
  A scorpion (D:4)
  A hound zombie (D:4)
  A mummy (D:4)
  8 gnolls
  5 adders
  3 adder zombies (D:4)
  3 worms
  3 dart slugs
  2 orcs
  5 bats
  6 endoplasms
  4 giant cockroaches
  5 goblins
  9 hobgoblins
  2 jackals (D:1)
  7 kobolds
  3 quokkas
  12 ball pythons
  6 frilled lizards
  A kobold zombie (D:4)
  3 orc zombies (D:4)
  7 rats
99 creatures vanquished.

Notes
Turn   | Place    | Note
-------+----------+-------------------------------------------
     0 | D:1      | Leeroy the Vine Stalker Warper began the quest for the Orb.
     0 | D:1      | Reached XP level 1. HP: 11/11 MP: 4/4
    44 | D:1      | Reached skill level 2 in Long Blades
   139 | D:1      | Reached XP level 2. HP: 12/15 MP: 4/6
   378 | D:1      | Reached skill level 3 in Long Blades
   484 | D:1      | Reached XP level 3. HP: 18/18 MP: 7/7
   740 | D:2      | Found a faded altar of an unknown god.
   753 | D:2      | Prayed at the altar of an unknown god.
   753 | D:2      | Became a worshipper of Makhleb the Destroyer
   753 | D:2      | Reached * piety under Makhleb
   970 | D:2      | Gained mutation: Your natural rate of healing is unusually
                  | fast. [Vine Stalker growth]
   970 | D:2      | Reached XP level 4. HP: 15/23 MP: 3/8
   984 | D:2      | Reached skill level 4 in Long Blades
  1176 | D:2      | Learned a level 2 spell: Blink
  1180 | D:2      | Learned a level 3 spell: Vhi's Electric Charge
  1621 | D:3      | Reached XP level 5. HP: 26/26 MP: 9/9
  1661 | D:3      | Reached ** piety under Makhleb
  2280 | D:4      | Reached skill level 5 in Long Blades
  2329 | D:4      | Reached XP level 6. HP: 25/30 MP: 10/10
  3001 | D:4      | Found a basalt altar of Yredelemnul.
  3116 | D:5      | Entered Level 5 of the Dungeon
  3193 | D:5      | Noticed a water moccasin
  3205 | D:5      | Killed a water moccasin
  3206 | D:5      | Reached skill level 6 in Long Blades
  3331 | D:5      | Found a glowing golden altar of the Shining One.
  3339 | D:5      | Noticed a sky beast
  3352 | D:5      | Killed a sky beast
  3353 | D:5      | Reached XP level 7. HP: 33/34 MP: 11/11
  3847 | D:5      | Reached skill level 7 in Long Blades
  3866 | D:5      | Slain by a gnoll bouda

Illustrated notes

Levels and vault maps discovered:
D:1:      onia_arrival_mini_spirals, layout_basic
D:2:      layout_loops_ring, nicolae_ecumenical_pavilion
D:3:      layout_basic, minmay_fractal_squares_gapless_5
D:4:      layout_basic, nicolae_yredelemnul_corpse_copse, minmay_mini_ossuary
D:5:      layout_cave_pods, lemuel_tele_altar, grunt_decor_one_mirror

Skill      XL: |  1  2  3  4  5  6  7 |
---------------+----------------------+-----
Long Blades    | 2 3 4 5 6 7 |  7.0
Fighting       | |  1.7
Throwing       | |  0.8
Armour         | |  0.7
Dodging        | |  1.5
Spellcasting   | |  2.1
Translocations | |  3.0

Action                     |  1- 3 |  4- 6 |  7- 9 || total
---------------------------+-------+-------+-------++-------
  Melee: Falchion          |   109 |   138 |       ||   247
         Bite              |    20 |    49 |    14 ||    83
         Short sword       |       |    59 |    37 ||    96
         Punch             |       |       |     1 ||     1
    Use: Scroll            |       |       |     1 ||     1
   Stab: Sleeping          |       |     1 |       ||     1
 Armour: Leather armour    |    43 |    54 |     3 ||   100
  Dodge: Dodged            |   100 |    94 |    21 ||   215

Table legend: (Time is in decaauts)
 A = Elapsed time spent in this place.
 B = Non-inter-level travel time spent in this place.
 C = Inter-level travel time spent in this place.
 D = Time resting spent in this place.
 E = Time spent auto-exploring this place.
 F = Levels seen in this place.
 G = Mean time per level.
                   A        B        C        D        E       F      G
               +--------+--------+--------+--------+--------+-----+--------+
         Total |   3873 |   3679 |    194 |    100 |   2838 |   5 |  774.6 |
       Dungeon |   3873 |   3679 |    194 |    100 |   2838 |   5 |  774.6 |
               +--------+--------+--------+--------+--------+-----+--------+

Top non-repeatable levels by time:
     D:4: 993 daAuts
     D:2: 778 daAuts
     D:1: 752 daAuts
     D:3: 740 daAuts
     D:5: 607 daAuts
